 Dungeon Crawl Stone Soup version 0.24-a0-274-gb3763e6d51 (webtiles) character file.

Game seed: 17628397603815665651

157279 Redear the Unseen (level 16, -3/87 HPs)
             Began as a Spriggan Fighter on Apr 26, 2019.
             Was the Champion of Okawaru.
             Slain by an Ice Fiend (20 damage)
             ... in an ice cave on Apr 27, 2019.
             The game lasted 02:37:20 (33156 turns).

Redear the Unseen (Spriggan Fighter)               Turns: 33156, Time: 02:37:21

Health: -3/87      AC: 14    Str: 22    XL:     16   Next: 84%
Magic:  0/33       EV: 35    Int: 10    God:    Okawaru [******]
Gold:   1002       SH: 13    Dex: 17    Spells: 12/25 levels left

rFire    . . .     SeeInvis +   a - +7 demon blade (pain)
rCold    + . .     Gourm    .   h - +3 buckler {AC+3} {AC+3}
rNeg     . . .     Faith    +   E - +4 troll leather armour {Snorg}
rPois    +         Spirit   +   k - +1 hat {SInv} {SInv}
rElec    +         Reflect  .   o - scarf {Spirit}
rCorr    .         Harm     .   (gloves unavailable)
MR       ++...                  (boots unavailable)
Stlth    ++++++++..             G - amulet of Juugix {Faith rElec}
HPRegen  0.64/turn              c - ring of protection from cold {rC+}
MPRegen  0.23/turn              f - ring of the Special Nights {rPois MP+9 SInv}

@: mighty, heroism, hasted, very quick
A: very small, unfitting armour, molten scales 1, see invisible, herbivore,
speed 3, slow metabolism 2, wild magic 1, evolution 1
}: 1/15 runes: gossamer
a: Heroism, Finesse, Renounce Religion


You were in an ice cave.
You worshipped Okawaru.
Okawaru was exalted by your worship.
You were very hungry.

You visited 6 branches of the dungeon, and saw 26 of its levels.
You also visited: Bailey and Ice Cave.

You collected 2589 gold pieces.
You spent 1587 gold pieces at shops.

Inventory:

Hand Weapons
 a - a +7 demon blade of pain (weapon)
 b - a +4 dagger of speed
 t - a +4 quick blade
 A - a +2 scimitar of flaming
 J - a +5 scimitar of holy wrath
 K - a +5 war axe of electrocution
Missiles
 y - 96 stones (quivered)
 Z - 2 throwing nets {+f}
Armour
 h - a +3 buckler of protection (worn) {AC+3}
 k - a +1 hat of see invisible (worn) {SInv}
 o - a scarf of spirit shield (worn)
 E - a +4 troll leather armour (worn) {Snorg}
 S - a +2 buckler of cold resistance {rC+}
 U - a +2 cloak of invisibility
Jewellery
 c - a ring of protection from cold (left hand) {rC+}
 f - the ring of the Special Nights (right hand) {rPois MP+9 SInv}
   (You found it on level 6 of the Lair of Beasts)

   [ring of poison resistance]

   It protects you from poison.
   It affects your magic capacity (+9).
   It lets you see invisible.
 i - a +5 ring of evasion
 j - an uncursed amulet of rage {+Rage}
 u - an uncursed ring of flight {+Fly}
 G - the amulet of Juugix (around neck) {Faith rElec}
   (You found it on level 6 of the Lair of Beasts)

   [amulet of faith]

   It allows you to gain divine favour quickly.
   It insulates you from electricity.
Wands
 I - a wand of iceblast (17)
 O - a wand of clouds (2)
 P - a wand of paralysis (3)
Scrolls
 r - 3 scrolls of fog
 v - 3 scrolls of enchant armour
 w - 2 scrolls of fear
 B - 5 scrolls of blinking {@r4}
 C - a scroll of vulnerability
 D - 2 scrolls of summoning
 F - 6 scrolls of amnesia
 M - 2 scrolls of magic mapping
 N - 11 scrolls of remove curse {@r2}
 R - 2 scrolls of identify {@r1}
 T - 9 scrolls of teleportation {@r3}
 X - a scroll of enchant weapon
Potions
 d - 2 potions of might {Str+5 DMG+1d10 | @q3}
 e - 2 potions of heal wounds {@q1}
 g - 3 potions of brilliance {Archmagi Int+5 Wiz++}
 l - 2 potions of flight
 m - a potion of agility {Stlth+ Dex+5 EV+5 | @q4}
 n - 4 potions of cancellation
 q - 6 potions of ambrosia
 s - 7 potions of lignification
 x - 2 potions of mutation {!q}
 H - 3 potions of haste {@q5}
 L - a potion of berserk rage
 Q - a potion of curing {@q2}
 V - a potion of invisibility
 Y - a potion of magic
Miscellaneous
 p - a lightning rod (4/4)
 W - a fan of gales
Comestibles
 z - 26 rations


   Skills:
 + Level 11.2(16.2) Fighting
 - Level 7.6(15.8) Short Blades
 + Level 9.5(15.1) Long Blades
 + Level 17.5(22.5) Dodging
 + Level 18.4(23.4) Stealth
 - Level 7.2(12.2) Shields
 - Level 5.0 Spellcasting
 - Level 13.0 Charms
 + Level 5.7 Necromancy
 - Level 6.0 Translocations
 - Level 4.0 Fire Magic
 - Level 5.0 Ice Magic
 - Level 5.0 Invocations


You had 12 spell levels left.
You knew the following spells:

 Your Spells              Type           Power        Failure   Level  Hunger
c - Passwall              Tmut/Erth      #.......     45%         2    ##.....
d - Regeneration          Chrm/Necr      ####......   3%          3    ###....
h - Ozocubu's Armour      Chrm/Ice       ####....     3%          3    ###....
j - Conjure Flame         Conj/Fire      #.......     43%         3    ###....
R - Blink                 Tloc           N/A          5%          2    ##.....

Your spell library contained the following spells:

 Spells                   Type           Power        Failure   Level  Hunger
 Shroud of Golubria       Chrm/Tloc      ####......   1%          2    ##.....
 Animate Skeleton         Necr           N/A          4%          1    None
 Apportation              Tloc           ###...       4%          1    None
 Pain                     Necr           ###.         4%          1    None
 Swiftness                Chrm/Air       ###.....     4%          2    ##.....
 Freeze                   Ice            ###.         5%          1    None
 Sublimation of Blood     Necr           ###.......   6%          2    ##.....
 Gell's Gravitas          Tloc           ###.......   11%         3    ###....
 Lesser Beckoning         Tloc           ###.......   11%         3    ###....
 Vampiric Draining        Necr           ###.......   12%         3    ###....
 Flame Tongue             Conj/Fire      #....        17%         1    None
 Throw Frost              Conj/Ice       #.....       21%         2    ##.....
 Throw Flame              Conj/Fire      #.....       24%         2    ##.....
 Confusing Touch          Hex            #.....       34%         1    None
 Magic Dart               Conj           #...         34%         1    None
 Shock                    Conj/Air       #...         34%         1    None
 Summon Butterflies       Summ           #.......     34%         1    None
 Summon Small Mammal      Summ           #...         34%         1    None
 Animate Dead             Necr           N/A          34%         4    ####...
 Inner Flame              Hex/Fire       #.......     43%         3    ###....
 Call Imp                 Summ           #.......     45%         2    ##.....
 Searing Ray              Conj           #.....       45%         2    ##.....
 Slow                     Hex            #.......     45%         2    ##.....
 Ignite Poison            Fire/Tmut/Pois #.......     50%         3    ###....
 Force Lance              Conj/Tloc      ##......     67%         4    ####...
 Call Canine Familiar     Summ           #.......     69%         3    ###....
 Confuse                  Hex            #.......     69%         3    ###....
 Dazzling Spray           Conj/Hex       #.....       69%         3    ###....
 Mephitic Cloud           Conj/Pois/Air  #.......     69%         3    ###....
 Static Discharge         Conj/Air       #.......     69%         3    ###....
 Stone Arrow              Conj/Erth      #.....       69%         3    ###....
 Summon Guardian Golem    Hex/Summ       #.......     69%         3    ###....
 Tukima's Dance           Hex            #.......     69%         3    ###....
 Summon Ice Beast         Ice/Summ       #.......     75%         4    ####...
 Throw Icicle             Conj/Ice       #.......     75%         4    ####...
 Sticky Flame             Conj/Fire      #.......     82%         4    ####...
 Airstrike                Air            #.........   97%         4    ####...
 Fulminant Prism          Conj/Hex       #.........   97%         4    ####...
 Iskenderun's Mystic Bla  Conj           #.......     97%         4    ####...
 Petrify                  Tmut/Erth      #.......     97%         4    ####...
 Summon Lightning Spire   Summ/Air       #.......     97%         4    ####...
 Metabolic Englaciation   Hex/Ice        #.........   97%         5    ######.
 Fireball                 Conj/Fire      #.........   98%         5    ######.
 Alistair's Intoxication  Tmut/Pois      #.......     100%        5    ######.
 Irradiate                Conj/Tmut      #.........   100%        5    ######.
 Lee's Rapid Deconstruct  Erth           #.........   100%        5    ######.
 Lightning Bolt           Conj/Air       #.........   100%        5    ######.
 Yara's Violent Unravell  Hex/Tmut       #.........   100%        5    ######.
 Invisibility             Hex            #.......     100%        6    #######


Dungeon Overview and Level Annotations

Branches:
Dungeon (11/15)            Temple (1/1) D:4            Lair (6/6) D:10
  Swamp (2/4) Lair:4       Spider (4/4) Lair:4        Slime (0/5) Lair:6
    Orc (2/2) D:10            Elf (0/3) Orc:2

Altars:
Ashenzari
Cheibriados
Dithmenos
Elyvilon
Fedhas
Gozag
Hepliaklqana
Kikubaaqudgha
Makhleb
Nemelex Xobeh
Okawaru
Qazlal
Ru
Sif Muna
Uskayaw
Vehumet
Wu Jian
Xom
Yredelemnul
Zin
The Shining One

Shops:
Orc:2 :?([*

Portals:
Bazaar: D:11

Annotations:
D:2 1 runed translucent door, Crazy Yiuf
D:10 exclusion: electric eel
Lair:1 exclusion: 4 oklob plants, Gastronok


Innate Abilities, Weirdness & Mutations

You are very small and have problems with some larger weapons.
You are too small for most types of armour.
You have supernaturally acute eyesight. (SInv)
You are a herbivore.
You cover ground extremely quickly.
You need to consume almost no food.
You are partially covered in molten scales. (AC +2)
Your spells are a little harder to cast, but a little more powerful.
You evolve.


Message History

The bolt of cold misses you.
You now have 11/33 mp.
Unknown command.
You barely miss the Ice Fiend.
The Ice Fiend is almost dead.
You are engulfed in freezing vapours.
You resist.
You take 4 damage, and have 31/87 hp.
Unknown command.
You hit the Ice Fiend.
The Ice Fiend is almost dead.
You are engulfed in freezing vapours.
You resist. The ice devil completely misses you.
You take 1 damage, and have 30/87 hp.
You completely miss the Ice Fiend.
The Ice Fiend is almost dead.
You are engulfed in freezing vapours.
You resist. You block the Ice Fiend's attack. The Ice Fiend claws you!
* * * LOW HITPOINT WARNING * * *
The Ice Fiend freezes you!! You resist.
You die...

##..####
###§..........### ##..#
###§§§§##.........###
#..##
#..°☼§##..####......##
..## §§
#§.§.....#.......##
...##
§4§###§.....##.......##
#...##
4§4§°##○.....##.......#
##...#
§§§§§§...#...........##
##...#
§§§###☼☼#○.###.....##
#...##
####§@4§#.○☼.☼#..###
#...##
#..§§1§#..☼..####
.....## ##.##§§.§§≈###
..∩...# ## .§°..###
......# ###.### ..∩..##
... #...## )$# #####
###


You could see an Ice Fiend and an ice devil.

Vanquished Creatures
  Saint Roka (Orc:2)
  An Ice Fiend (IceCv)
  A thorn hunter (Swamp:2)
  Donald (Swamp:1)
  An orc warlord (Orc:2)
  2 ghost moths (Spider:4)
  3 emperor scorpions
  3 spark wasps (Spider:4)
  Azrael (Spider:3)
  Snorg (Orc:1)
  An ettin (Orc:2)
  Josephine (Lair:5)
  12 hydras
  A ghost crab (Swamp:1)
  Harold (Lair:1)
  An ice dragon (Swamp:2)
  A catoblepas (Lair:4)
  Erica (Lair:1)
  A shambling mangrove (Swamp:2)
  2 two-headed ogres (D:9)
  3 alligators (Swamp:2)
  7 orc high priests (Orc:2)
  Nergalle (Lair:2)
  An unseen horror (D:8)
  Pikel (D:3)
  2 swamp dragons (Swamp:1)
  10 orc knights
  15 orb spiders
  2 cyclopes
  30 wolf spiders
  2 orc sorcerers
  2 moths of wrath
  3 black mambas
  10 elephants (Lair:4)
  2 torpor snails
  31 spiny frogs
  2 ice statues (IceCv)
  10 demonic crawlers
  8 ice devils (IceCv)
  4 komodo dragons
  3 rime drakes
  6 trolls
  19 jumping spiders
  A queen bee (D:10)
  13 hornets
  A polar bear (Lair:4)
  8 tyrant leeches
  25 blink frogs
  3 bog bodies (Swamp:1)
  7 hippogriffs
  Sigmund (D:2)
  A shadow (Swamp:1)
  2 spriggans
  4 wraiths
  A wyvern (D:9)
  61 redbacks
  5 fire elementals (Spider:3)
  28 yaks
  26 tarantellas
  5 basilisks
  2 hungry ghosts
  13 vampire mosquitoes
  6 wargs
  3 hell hounds (Spider:3)
  10 insubstantial wisps (Swamp:2)
  6 water moccasins
  4 swamp drakes (Swamp:1)
  4 swamp worms (Swamp:1)
  12 porcupines
  43 orc warriors
  3 ice beasts
  2 slaves (D:3)
  4 black bears
  3 sky beasts
  2 phantoms
  3 wolves (D:10)
  10 ogres
  2 centaurs
  18 crocodiles
  Blork the orc (D:3)
  18 bullfrogs
  4 scorpions
  28 killer bees
  17 wights
  2 howler monkeys (D:7)
  7 electric eels
  3 crimson imps
  A centaur zombie (D:6)
  8 hounds
  A quasit (D:7)
  2 centaur skeletons
  3 jellies
  32 orc priests
  21 orc wizards
  A bullfrog skeleton (D:10)
  4 iguanas
  4 worker ants
  Robin (D:3)
  11 adders
  A shadow imp (D:8)
  10 white imps (IceCv)
  4 ufetubi (IceCv)
  An ooze (D:6)
  4 adder zombies
  An adder skeleton (D:7)
  4 worms
  2 dart slugs
  6 leopard geckos
  111 orcs
  A ball python (D:3)
  9 giant cockroaches
  22 goblins
  10 hobgoblins
  8 jackals
  6 quokkas
  10 bats
  4 frilled lizards
  11 kobolds
  A leopard gecko skeleton (D:7)
  A quokka skeleton (D:8)
  6 rats
  A fungus (Lair:6)
  2 plants (Lair:6)
958 creatures vanquished.

Vanquished Creatures (collateral kills)
  An emperor scorpion (Spider:4)
  An orc knight (Orc:2)
  A jumping spider (Spider:4)
  A hornet (Spider:4)
  3 orc warriors (Orc:2)
  2 orc priests (Orc:2)
  2 orc wizards (Orc:2)
  3 orcs (Orc:2)
14 creatures vanquished.

Vanquished Creatures (others)
  Nessos (Orc:2)
  A spiny frog (Swamp:2)
  A redback (Spider:2)
  2 vampire mosquitoes (Swamp:2)
  2 orc warriors (Orc:2)
  A slave (D:4)
  2 white imps (IceCv)
  An ufetubus (IceCv)
  A leopard gecko (D:4)
  An orc (D:5)
  A jackal (D:6)
  A quokka (D:8)
  A frilled lizard (D:4)
  A bush (Lair:6)
  17 fungi
  44 plants
78 creatures vanquished.

Grand Total: 1050 creatures vanquished

Notes
Turn   | Place    | Note
-------+----------+-------------------------------------------
     0 | D:1      | Redear the Spriggan Fighter began the quest for the Orb.
     0 | D:1      | Reached XP level 1. HP: 11/11 MP: 2/2
   289 | D:1      | Reached skill level 1 in Stealth
   289 | D:1      | Reached XP level 2. HP: 14/16 MP: 3/3
  1490 | D:2      | Noticed Sigmund
  1502 | D:2      | Reached XP level 3. HP: 18/19 MP: 4/4
  1713 | D:2      | Reached skill level 5 in Dodging
  1713 | D:2      | Reached skill level 2 in Stealth
  1935 | D:2      | Killed Sigmund
  1935 | D:2      | Reached skill level 3 in Fighting
  1935 | D:2      | Reached skill level 3 in Short Blades
  1935 | D:2      | Reached skill level 3 in Stealth
  1935 | D:2      | Reached XP level 4. HP: 24/24 MP: 5/5
  1935 | D:2      | Reached XP level 5. HP: 28/28 MP: 6/6
  2152 | D:2      | You fall through a shaft for 2 floors!
  2155 | D:4      | Noticed a slave
  2161 | D:4      | Noticed Pikel
  2187 | D:4      | Found a staircase to the Ecumenical Temple.
  2198 | Temple   | Entered the Ecumenical Temple
  2257 | Temple   | Became a worshipper of Warmaster Okawaru
  2381 | D:2      | Found a runed translucent door.
  2382 | D:2      | Noticed Crazy Yiuf
  2631 | D:2      | Reached XP level 6. HP: 25/32 MP: 7/7
  2660 | D:2      | Found a blossoming altar of Fedhas.
  2660 | D:2      | Found a glowing silver altar of Zin.
  3040 | D:3      | Reached skill level 4 in Stealth
  3061 | D:3      | Reached skill level 3 in Shields
  3107 | D:3      | Reached skill level 6 in Dodging
  3411 | D:3      | Reached skill level 4 in Short Blades
  3675 | D:3      | Noticed a sky beast
  3867 | D:3      | Noticed Robin
  3907 | D:3      | Killed Robin
  4572 | D:4      | Reached XP level 7. HP: 14/37 MP: 3/8
  4803 | D:4      | Found a shimmering altar of Xom.
  4805 | D:4      | Found a shimmering altar of Xom.
  4806 | D:4      | Found a shimmering altar of Xom.
  4834 | D:4      | Noticed Blork the orc
  5119 | D:3      | Killed Pikel
  5119 | D:3      | Reached * piety under Okawaru
  5119 | D:3      | Reached skill level 4 in Fighting
  5119 | D:3      | Reached skill level 5 in Short Blades
  5119 | D:3      | Reached skill level 7 in Dodging
  5119 | D:3      | Reached skill level 6 in Stealth
  5119 | D:3      | Reached XP level 8. HP: 37/42 MP: 6/9
  5297 | D:3      | HP: 4/42 [Blork the orc/puff of frost (7)]
  5594 | D:3      | Killed Blork the orc
  6112 | D:4      | Noticed a +0 dagger
  6118 | D:4      | Found a hide-covered altar of Uskayaw.
  6120 | D:4      | Noticed a +0 dagger
  6206 | D:4      | Found a snail-covered altar of Cheibriados.
  6214 | D:4      | Reached skill level 4 in Shields
  6442 | D:5      | Entered Level 5 of the Dungeon
  6481 | D:5      | Reached skill level 8 in Dodging
  6638 | D:5      | Reached skill level 7 in Stealth
  7328 | D:6      | Reached skill level 6 in Short Blades
  7432 | D:6      | Reached ** piety under Okawaru
  7439 | D:6      | Reached skill level 5 in Fighting
  7439 | D:6      | Reached skill level 8 in Stealth
  7439 | D:6      | Reached XP level 9. HP: 38/47 MP: 8/10
  7764 | D:5      | Reached skill level 9 in Dodging
  9496 | D:7      | Reached skill level 9 in Stealth
  9573 | D:7      | Reached *** piety under Okawaru
  9590 | D:7      | Reached skill level 5 in Shields
  9732 | D:7      | Reached skill level 7 in Short Blades
  9966 | D:8      | Found a white marble altar of Elyvilon.
 10179 | D:8      | Reached skill level 10 in Dodging
 10491 | D:8      | Noticed an unseen horror
 10549 | D:8      | Killed an unseen horror
 10549 | D:8      | Reached skill level 1 in Invocations
 10549 | D:8      | Reached XP level 10. HP: 28/53 MP: 8/11
 10800 | D:8      | Reached skill level 6 in Fighting
 10800 | D:8      | Reached skill level 10 in Stealth
 10962 | D:8      | Reached **** piety under Okawaru
 11212 | D:8      | Found a basalt altar of Yredelemnul.
 11212 | D:8      | Found a shattered altar of Ashenzari.
 11212 | D:8      | Found a sparkling altar of Nemelex Xobeh.
 11305 | D:8      | Reached skill level 2 in Invocations
 11937 | D:9      | Reached skill level 1 in Long Blades
 11963 | D:9      | Noticed a two-headed ogre
 12210 | D:9      | Reached skill level 3 in Invocations
 12221 | D:9      | Reached ***** piety under Okawaru
 12301 | D:9      | Reached skill level 11 in Dodging
 12358 | D:9      | Reached skill level 2 in Long Blades
 12415 | D:9      | Killed a two-headed ogre
 12415 | D:9      | Reached skill level 11 in Stealth
 12415 | D:9      | Reached skill level 6 in Shields
 12638 | D:9      | Noticed a two-headed ogre
 12649 | D:9      | Killed a two-headed ogre
 12649 | D:9      | Received a gift from Okawaru
 12649 | D:9      | Reached XP level 11. HP: 58/58 MP: 14/14
 12868 | D:10     | Entered Level 10 of the Dungeon
 13141 | D:10     | Reached skill level 4 in Invocations
 13788 | D:10     | Reached skill level 3 in Long Blades
 13934 | D:10     | Reached skill level 7 in Fighting
 14585 | D:11     | Noticed a white ugly thing
 14588 | D:11     | Found a gateway to a bazaar.
 14643 | D:10     | Reached skill level 12 in Dodging
 14643 | D:10     | Reached skill level 12 in Stealth
 14703 | D:10     | Found a staircase to the Lair.
 14905 | D:10     | Found a staircase to the Orcish Mines.
 14932 | D:10     | Reached skill level 5 in Invocations
 15041 | Lair:1   | Entered Level 1 of the Lair of Beasts
 15233 | Lair:1   | Noticed an oklob plant
 15233 | Lair:1   | Noticed an oklob plant
 15255 | Lair:1   | Noticed an oklob plant
 15267 | Lair:1   | Noticed an oklob plant
 15428 | Lair:1   | Reached skill level 4 in Long Blades
 15494 | Lair:1   | Noticed Harold
 15540 | Lair:1   | Received a gift from Okawaru
 15699 | Lair:1   | Killed Harold
 15746 | Lair:1   | Reached XP level 12. HP: 64/64 MP: 14/16
 15812 | Lair:1   | Noticed Erica
 15823 | Lair:1   | Killed Erica
 15823 | Lair:1   | Reached skill level 7 in Shields
 16097 | Lair:1   | Noticed Gastronok
 16369 | Lair:2   | Reached skill level 13 in Stealth
 16432 | Lair:2   | Noticed a six-headed hydra
 16445 | Lair:2   | Killed a six-headed hydra
 16499 | Lair:2   | Reached skill level 8 in Fighting
 16528 | Lair:2   | Received a gift from Okawaru
 16528 | Lair:2   | Reached skill level 13 in Dodging
 16568 | Lair:2   | Reached skill level 5 in Long Blades
 16931 | Lair:2   | Identified the Disquisition on the Dusty Compass
 17195 | Lair:2   | Noticed Nergalle
 17354 | Lair:2   | Killed Nergalle
 17768 | Lair:3   | Reached skill level 14 in Stealth
 17813 | Lair:3   | Noticed a six-headed hydra
 17877 | Lair:3   | Killed a two-headed hydra
 18265 | Lair:3   | Noticed a seven-headed hydra
 18373 | Lair:3   | Killed a ten-headed hydra
 18373 | Lair:3   | Reached skill level 6 in Long Blades
 18373 | Lair:3   | Reached skill level 14 in Dodging
 18464 | Lair:3   | Noticed a seven-headed hydra
 18478 | Lair:3   | Killed a two-headed hydra
 18893 | Lair:4   | Reached XP level 13. HP: 52/70 MP: 12/17
 18979 | Lair:4   | Found a hole to the Spider Nest.
 19060 | Lair:4   | Received a gift from Okawaru
 19402 | Lair:4   | Reached skill level 9 in Fighting
 19538 | Lair:4   | Reached skill level 15 in Stealth
 19660 | Lair:4   | Found a staircase to the Swamp.
 20567 | Lair:5   | Noticed Josephine
 20665 | Lair:5   | Killed Josephine
 20665 | Lair:5   | Reached skill level 7 in Long Blades
 20665 | Lair:5   | Reached skill level 15 in Dodging
 21376 | Lair:6   | Entered Level 6 of the Lair of Beasts
 21502 | Lair:6   | Received a gift from Okawaru
 21637 | Lair:5   | Gained mutation: You possess an exceptional clarity of
                  | mind. [potion of mutation]
 21637 | Lair:5   | Lost mutation: You possess an exceptional clarity of mind.
                  | [potion of mutation]
 21637 | Lair:5   | Gained mutation: You evolve. [potion of mutation]
 21637 | Lair:5   | Gained mutation: Your spells are a little harder to cast,
                  | but a little more powerful. [potion of mutation]
 21697 | Lair:6   | Reached skill level 16 in Stealth
 22170 | Lair:6   | Reached skill level 10 in Fighting
 22170 | Lair:6   | Reached XP level 14. HP: 72/77 MP: 15/18
 22730 | Lair:6   | Got a sparkling amethyst amulet
 22762 | Lair:6   | Got a translucent silver ring
 22999 | Lair:6   | Found a staircase to the Slime Pits.
 23265 | Orc:1    | Entered Level 1 of the Orcish Mines
 23268 | Orc:1    | Found a flagged portal.
 23320 | Orc:1    | Reached skill level 8 in Long Blades
 23350 | Bailey   | Entered a bailey
 23502 | Bailey   | Reached skill level 16 in Dodging
 23684 | Bailey   | Identified a scroll of acquirement
 23997 | Orc:2    | Entered Level 2 of the Orcish Mines
 24027 | Orc:2    | Received a gift from Okawaru
 24101 | Orc:2    | Reached skill level 17 in Stealth
 24135 | Orc:2    | Found Zef Xitihiq's Book Emporium.
 24590 | Orc:2    | Found a burning altar of Makhleb.
 24675 | Orc:2    | Found a staircase to the Elven Halls.
 24932 | Orc:2    | Noticed Nessos
 24932 | Orc:2    | Noticed an orc warlord
 25004 | Orc:2    | Killed an orc warlord
 25004 | Orc:2    | Received a gift from Okawaru
 25019 | Orc:2    | Noticed Saint Roka
 25034 | Orc:2    | Your ally died
 25568 | Orc:1    | Noticed Snorg
 25628 | Orc:1    | Killed Snorg
 26881 | Orc:2    | Reached skill level 9 in Long Blades
 26947 | Orc:2    | Reached skill level 17 in Dodging
 26962 | Orc:2    | Found Fuhoqud's Weapon Shop.
 26964 | Orc:2    | Found Nidar's General Store.
 26966 | Orc:2    | Found Zexij's Armour Boutique.
 26967 | Orc:2    | Found Nimoll's Magic Scroll Shop.
 26993 | Orc:2    | Bought a scroll of identify for 28 gold pieces
 26993 | Orc:2    | Bought a scroll of enchant armour for 105 gold pieces
 26993 | Orc:2    | Bought a scroll of teleportation for 42 gold pieces
 26993 | Orc:2    | Bought a scroll of fog for 28 gold pieces
 26993 | Orc:2    | Bought a scroll of remove curse for 42 gold pieces
 26993 | Orc:2    | Bought a scroll of identify for 28 gold pieces
 26993 | Orc:2    | Bought a scroll of identify for 28 gold pieces
 26993 | Orc:2    | Bought a scroll of identify for 28 gold pieces
 26993 | Orc:2    | Bought a scroll of summoning for 133 gold pieces
 26993 | Orc:2    | Bought a scroll of blinking for 105 gold pieces
 27054 | Orc:2    | Killed Saint Roka
 27085 | Orc:2    | Learned a level 2 spell: Passwall
 27129 | Orc:2    | Bought a book of Necromancy for 360 gold pieces
 27129 | Orc:2    | Bought a book of Minor Magic for 240 gold pieces
 27129 | Orc:2    | Bought a book of Frost for 420 gold pieces
 27149 | Orc:2    | Identified the amulet of Juugix {Faith rElec} (You found it
                  | on level 6 of the Lair of Beasts)
 27150 | Orc:2    | Identified the ring of the Special Nights {rPois MP+9 SInv}
                  | (You found it on level 6 of the Lair of Beasts)
 27171 | Orc:2    | Learned a level 2 spell: Blink
 27175 | Orc:2    | Learned a level 3 spell: Regeneration
 27179 | Orc:2    | Learned a level 3 spell: Ozocubu's Armour
 27183 | Orc:2    | Learned a level 3 spell: Conjure Flame
 27300 | Spider:1 | Entered Level 1 of the Spider Nest
 27325 | Spider:1 | Reached skill level 1 in Charms
 27326 | Spider:1 | Reached XP level 15. HP: 79/81 MP: 19/19
 27354 | Spider:1 | Reached skill level 1 in Necromancy
 27358 | Spider:1 | Reached skill level 1 in Fire Magic
 27362 | Spider:1 | Reached skill level 2 in Charms
 27362 | Spider:1 | Reached skill level 1 in Ice Magic
 27385 | Spider:1 | Reached ****** piety under Okawaru
 27461 | Spider:1 | Received a gift from Okawaru
 27462 | Spider:1 | Reached skill level 3 in Charms
 27539 | Spider:1 | Reached skill level 2 in Necromancy
 27569 | Spider:1 | Reached skill level 2 in Fire Magic
 27623 | Spider:1 | Reached skill level 2 in Ice Magic
 27721 | Spider:1 | Reached skill level 4 in Charms
 28144 | Spider:1 | Reached skill level 3 in Necromancy
 28238 | Spider:2 | Reached skill level 5 in Charms
 28282 | Spider:2 | Reached skill level 1 in Spellcasting
 28391 | Spider:2 | Reached skill level 3 in Fire Magic
 28421 | Spider:2 | Received a gift from Okawaru
 28421 | Spider:2 | Reached skill level 3 in Ice Magic
 28448 | Spider:2 | Reached skill level 2 in Spellcasting
 28484 | Spider:2 | Reached skill level 1 in Translocations
 28865 | Spider:3 | Reached skill level 6 in Charms
 28941 | Spider:3 | Reached skill level 2 in Translocations
 29066 | Spider:3 | Reached skill level 4 in Necromancy
 29075 | Spider:3 | Reached skill level 3 in Spellcasting
 29140 | Spider:3 | Reached skill level 3 in Translocations
 29421 | Spider:3 | Noticed Azrael
 29522 | Spider:3 | Reached skill level 7 in Charms
 29578 | Spider:3 | Killed Azrael
 29578 | Spider:3 | Reached skill level 4 in Translocations
 29578 | Spider:3 | Reached skill level 4 in Fire Magic
 29583 | Spider:3 | Reached skill level 4 in Ice Magic
 29604 | Spider:3 | Reached skill level 4 in Spellcasting
 30092 | Spider:4 | Entered Level 4 of the Spider Nest
 30251 | Spider:4 | Received a gift from Okawaru
 30251 | Spider:4 | Reached XP level 16. HP: 69/86 MP: 12/23
 30261 | Spider:4 | Reached skill level 5 in Translocations
 30266 | Spider:4 | Reached skill level 5 in Necromancy
 30272 | Spider:4 | Reached skill level 8 in Charms
 30290 | Spider:4 | Reached skill level 5 in Spellcasting
 30742 | Spider:4 | Got a fine hand axe
 30743 | Spider:4 | Identified the +7 hand axe of Disaster {venom, rC+ MR+}
                  | (You found it on level 4 of the Spider Nest)
 30788 | Spider:4 | Reached skill level 6 in Translocations
 30850 | Spider:4 | Reached skill level 5 in Ice Magic
 30860 | Spider:4 | Got a gossamer rune of Zot
 30888 | Spider:4 | Reached skill level 9 in Charms
 30995 | Spider:4 | Received a gift from Okawaru
 30995 | Spider:4 | Reached skill level 10 in Charms
 31205 | Swamp:1  | Entered Level 1 of the Swamp
 31327 | Swamp:1  | Reached skill level 11 in Charms
 31553 | Swamp:1  | Reached skill level 12 in Charms
 31562 | Swamp:1  | Gained mutation: You are partially covered in molten
                  | scales. (AC +2) [evolution]
 31578 | Swamp:1  | Noticed Donald
 31619 | Swamp:1  | Received a gift from Okawaru
 31912 | Swamp:1  | Killed Donald
 32168 | Swamp:1  | Reached skill level 13 in Charms
 32388 | Swamp:2  | Reached skill level 18 in Stealth
 32399 | Swamp:2  | Received a gift from Okawaru
 32408 | Swamp:2  | Reached skill level 11 in Fighting
 32506 | Swamp:2  | Noticed a thorn hunter
 32527 | Swamp:2  | Killed a thorn hunter
 32601 | Swamp:2  | HP: 6/87 [shambling mangrove (14)]
 32758 | Swamp:2  | Found a frozen archway.
 32767 | IceCv    | Entered an ice cave
 33121 | IceCv    | Noticed an Ice Fiend
 33121 | IceCv    | Noticed an Ice Fiend
 33147 | IceCv    | Killed an Ice Fiend
 33156 | IceCv    | Slain by an Ice Fiend

Levels and vault maps discovered:
D:1:      evilmike_arrival_crescent, layout_basic
D:2:      layout_loops_cross, gammafunk_temple_overflow_elements, first_ration,
          uniq_sigmund, uniq_crazy_yiuf_cottage
D:3:      kennysheep_goblin_castle, layout_rooms, lightli_corner_chamber
D:4:      layout_loops_ring, xom_redecorated, kennysheep_slug_shrine,
          dancing_weapons_uskayaw, minmay_temple_entry_overgrown,
          minmay_misc_feat_diagonals, uniq_pikel, uniq_blork_the_orc
D:5:      layout_loops_cross
D:6:      layout_basic, lemuel_flame_loot_1
D:7:      layout_basic, hangedman_decor_growths, nrook_pool_corridor, the_bakery
D:8:      layout_loops_corners, chequers_temple_overflow_statue_of_worship,
          elyvilon_altar_4
D:9:      layout_basic
D:10:     layout_basic, minmay_lair_entry_grove, minmay_orc_entry_guard_dogs,
          nicolae_looking_at_the_future, uniq_sonja
D:11:     layout_rooms, serial_shops, bzr_entry_customers, minmay_microvault,
          uniq_maurice
Temple:   dshaligram_water_room_temple
Lair:1:   layout_chaotic_city, minmay_lair_oklob_chamber, uniq_gastronok,
          uniq_erica, uniq_harold
Lair:2:   layout_layer_cave, uniq_nergalle
Lair:3:   layout_regular_city, st_stairs_11, serial_bayou_shore_b
Lair:4:   layout_cave_pods, swamp_mist_pool, spider_nest_entry_web_field
Lair:5:   layout_regular_city, uniq_josephine
Lair:6:   minmay_lair_end_frog_pond, layout_loops_ring, dpeg_slime_entry_corner,
          grunt_megastairs_3
Swamp:1:  layout_basic_swamp, evilmike_swamp_ruin_house_2, st_swamp_ruins_3,
          uniq_donald
Swamp:2:  layout_basic_swamp, portal_ice_cave_entry_dragon,
          nicolae_swamp_treefoil
Spider:1: layout_spider_delve
Spider:2: layout_spider_delve
Spider:3: layout_spider_delve, uniq_azrael
Spider:4: guppyfry_spider_rune, drop_trap
Orc:1:    layout_diamond_mine, enter_bailey_1, uniq_snorg
Orc:2:    st_orc_pillars, layout_diamond_mine, serial_shops, nicolae_shop_trees,
          bloody_makhleb, uniq_nessos, uniq_saint_roka
IceCv:    ice_cave_small_demon

Skill      XL: |  1  2  3  4  5  6  7  8  9 10 11 12 13 14 15 16 |
---------------+-------------------------------------------------+-----
Stealth        | 1 3 4 6 8 9 11 12 14 16 17 18 | 18.4
Dodging        | 5 6 7 8 10 11 12 14 15 17 | 17.5
Fighting       | 3 4 5 6 7 8 10 11 | 11.2
Short Blades   | 3 4 5 6 7 |  7.6
Shields        | 3 4 5 6 7 |  7.2
Invocations    | 1 3 5 |  5.0
Long Blades    | 2 4 6 7 9 |  9.5
Charms         | 1 7 13 | 13.0
Necromancy     | 4 5 |  5.7
Fire Magic     | 4 |  4.0
Ice Magic      | 4 5 |  5.0
Spellcasting   | 4 5 |  5.0
Translocations | 4 6 |  6.0

Action                   |  1- 3 |  4- 6 |  7- 9 | 10-12 | 13-15 | 16-18 || total
-------------------------+-------+-------+-------+-------+-------+-------++-------
Melee: Rapier            |   135 |   282 |   593 |       |       |       ||  1010
       Falchion          |       |       |    51 |   855 |   615 |       ||  1521
       Scimitar          |       |       |       |   160 |   190 |    89 ||   439
       Dagger            |       |       |       |    15 |   134 |    27 ||   176
       Demon blade       |       |       |       |       |  1166 |   512 ||  1678
Throw: Throwing net      |       |       |       |       |     3 |       ||     3
       Stone             |       |       |       |       |     2 |       ||     2
 Cast: Regeneration      |       |       |       |       |    10 |    10 ||    20
       Blink             |       |       |       |       |     4 |     8 ||    12
Invok: Heroism           |       |       |     4 |    19 |    55 |    14 ||    92
       Finesse           |       |       |       |       |     2 |       ||     2
 Abil: Evoke Berserk Rag |       |       |       |       |     2 |       ||     2
Evoke: Wand              |       |       |       |    39 |    16 |       ||    55
       Fan of gales      |       |       |       |       |       |     1 ||     1
  Use: Scroll            |     5 |       |       |    17 |    20 |     3 ||    45
       Potion            |     1 |     1 |     2 |     2 |    11 |     5 ||    22
 Stab: Sleeping          |     1 |    11 |    20 |    25 |    37 |    11 ||   105
       Distracted        |       |     1 |       |     1 |     8 |     3 ||    13
       Paralysed         |       |       |       |     6 |       |       ||     6
       Invisible         |       |       |       |     4 |       |       ||     4
       Petrifying        |       |       |       |       |     2 |       ||     2
       Petrified         |       |       |       |       |     2 |       ||     2
       Held in net/web   |       |       |       |       |     4 |       ||     4
       Confused          |       |       |       |       |     2 |     3 ||     5
  Eat: Ration            |       |       |     4 |     6 |    10 |     3 ||    23
Armor: Robe              |     9 |     7 |    17 |     4 |       |       ||    37
       Troll leather arm |       |       |       |    19 |   107 |    47 ||   173
Dodge: Dodged            |   100 |   178 |   504 |   931 |  1908 |   543 ||  4164
Block: Buckler           |    40 |   109 |   198 |   409 |  1168 |   288 ||  2212
       Rpst.: Falchion   |       |       |    14 |   220 |   113 |       ||   347
       Scimitar          |       |       |       |    51 |    35 |    21 ||   107
       Demon blade       |       |       |       |       |   261 |   111 ||   372

Table legend:
 A = Non-vault XP
 B = Vault XP
 C = Vault XP percentage of total XP
 D = Non-vault monster count
 E = Vault monster count
 F = Vault count percentage of total count
                 A         B        C        D         E       F
            +---------+---------+-------+---------+---------+-------
      Total |  128405 |   77709 |  37.7 |     675 |     295 |  30.4
            +---------+---------+-------+---------+---------+-------
        D:1 |      38 |       0 |   0.0 |      22 |       0 |   0.0
        D:2 |      72 |     227 |  75.9 |      25 |       1 |   3.8
        D:3 |     276 |     803 |  74.4 |      38 |      23 |  37.7
        D:4 |     388 |       4 |   1.0 |      14 |       1 |   6.7
        D:5 |     832 |       0 |   0.0 |      24 |       0 |   0.0
        D:6 |     866 |       0 |   0.0 |      22 |       0 |   0.0
        D:7 |     773 |     220 |  22.2 |      22 |       1 |   4.3
        D:8 |    3000 |       0 |   0.0 |      42 |       0 |   0.0
        D:9 |    4021 |       0 |   0.0 |      32 |       0 |   0.0
       D:10 |    2581 |    3164 |  55.1 |      26 |      28 |  51.9
       D:11 |     462 |       0 |   0.0 |       5 |       0 |   0.0
     Lair:1 |    3466 |    2661 |  43.4 |      17 |       4 |  19.0
     Lair:2 |    7259 |     816 |  10.1 |      28 |       1 |   3.4
     Lair:3 |    5720 |     153 |   2.6 |      15 |       1 |   6.2
     Lair:4 |    9612 |       0 |   0.0 |      28 |       0 |   0.0
     Lair:5 |    2487 |    1682 |  40.3 |      11 |       4 |  26.7
     Lair:6 |    5296 |   12231 |  69.8 |      19 |      45 |  70.3
    Swamp:1 |    8681 |    4269 |  33.0 |      25 |       4 |  13.8
    Swamp:2 |   12148 |     953 |   7.3 |      32 |       1 |   3.0
   Spider:1 |   15835 |       0 |   0.0 |      52 |       0 |   0.0
   Spider:2 |   11006 |       0 |   0.0 |      32 |       0 |   0.0
   Spider:3 |   16613 |    2597 |  13.5 |      50 |       9 |  15.3
   Spider:4 |    4933 |   20952 |  80.9 |      15 |      37 |  71.2
      Orc:1 |    2973 |    1305 |  30.5 |      25 |       2 |   7.4
      Orc:2 |    9067 |   15817 |  63.6 |      54 |      68 |  55.7
     Bailey |       0 |    3192 | 100.0 |       0 |      40 | 100.0
      IceCv |       0 |    6663 | 100.0 |       0 |      25 | 100.0
            +---------+---------+-------+---------+---------+-------
